 Dungeon Crawl Stone Soup version 0.16.2-12-gd0ad4c3 (webtiles) character file.

402 SlimeFever the Conjurer (level 7, 0/48 HPs)
             Began as a Human Conjurer on Sept 28, 2015.
             Was an Initiate of Vehumet.
             Killed from afar by Ijyb (26 damage)
             ... with a wand of fire
             ... on level 5 of the Dungeon.
             The game lasted 00:47:58 (3945 turns).

SlimeFever the Conjurer (Human Conjurer)            Turns: 3945, Time: 00:47:58

Health: 0/48       AC:  3    Str: 10    XL:     7   Next: 11%
Magic:  5/13       EV: 13    Int: 16    God:    Vehumet [......]
Gold:   117        SH:  0    Dex: 13    Spells: 4 memorised, 1 level left

rFire  . . .     SeeInvis .     L - +0 mace (drain)
rCold  . . .     Clarity  .     J - +0 robe
rNeg   . . .     SustAb   .     (no shield)
rPois  +         Gourm    .     (no helmet)
rElec  .         Spirit   .     I - +0 cloak
rCorr  .         Warding  .     (no gloves)
rMut   .         Stasis   .     (no boots)
MR     .....                    (no amulet)
Stlth  +++.......               v - ring of stealth
                                s - ring of poison resistance

@: not resistant to hostile enchantments, fairly stealthy
A: no striking features
a: Renounce Religion


You were on level 5 of the Dungeon.
You worshipped Vehumet.
Vehumet was noncommittal.
You were not hungry.

You visited 1 branch of the dungeon, and saw 5 of its levels.

You collected 117 gold pieces.

Inventory:

Hand weapons
 a - a +0 mace
 d - a +0 mace
 e - a +0 dagger
 o - a +0 whip
 u - a cursed -1 flail
 w - a +0 dagger
 x - a +0 mace
 y - a +0 hunting sling
 C - a +0 hand axe of flaming
 E - a +0 quarterstaff
 L - a +0 mace of draining (weapon)
Missiles
 i - 91 stones (quivered)
 k - 6 arrows of dispersal
 n - 24 bolts
 p - 13 poisoned arrows
 D - 14 bolts of frost
Armour
 j - a +0 robe
 r - a +0 robe
 A - a +0 robe
 I - a +0 cloak (worn)
 J - a +0 robe (worn)
Magical staves
 h - an uncursed staff of cold
Jewellery
 s - a ring of poison resistance (left hand)
 v - a ring of stealth (right hand)
Scrolls
 H - 2 scrolls of noise
Potions
 f - a potion of mutation {unknown}
 g - a potion of haste {unknown}
 l - a potion of flight {unknown}
 m - a potion of brilliance {unknown}
 q - 2 potions of curing {unknown}
 z - 2 potions of might {unknown}
 B - 2 potions of heal wounds
Books
 c - a book of Conjurations

   Spells                             Type                      Level
   a - Magic Dart                     Conjuration                  1
   b - Searing Ray                    Conjuration                  2
   c - Dazzling Spray                 Conjuration/Hexes            3
   d - Fulminant Prism                Conjuration/Hexes            4
   e - Iskenderun's Mystic Blast      Conjuration                  4
   f - Iskenderun's Battlesphere      Conjuration/Charms           5
Comestibles
 b - 3 bread rations
 t - 3 fruits
 F - 2 meat rations


   Skills:
 + Level 1.2 Fighting
 * Level 2.6 Maces & Flails
 + Level 2.8 Dodging
 + Level 3.1 Stealth
 + Level 2.7 Spellcasting
 * Level 6.0 Conjurations


You had one spell level left.
You knew the following spells:

 Your Spells              Type           Power        Failure   Level  Hunger
a - Magic Dart            Conj           ###.         1%          1    #......
b - Searing Ray           Conj           ###...       2%          2    ##.....
c - Iskenderun's Mystic   Conj           ###.....     17%         4    #####..
d - Dazzling Spray        Conj/Hex       ##......     17%         3    ###....


Dungeon Overview and Level Annotations

Branches:
Dungeon (5/15)
 Temple: D:4-7

Altars:
Vehumet

Annotations:
D:5 Charly's ghost, average OpAs; Ijyb


Message History

The bolt of fire misses you.
You hit Charly's ghost but do no damage.
Charly's ghost is lightly damaged.
Charly's ghost hits you but does no damage.
Ijyb screams, "Get away!"
Ijyb zaps a wand.
The bolt of fire hits you!
Casting: Iskenderun's Mystic Blast
Confirm with . or Enter, or press ? or * to list all spells.
Aiming: Magic Dart
Press: ? - help, Shift-Dir - straight line, f - Ijyb
Aim: Ijyb, wielding an enchanted club, wearing a leather armour and carrying a wand of fire {zapped: 3} The magic dart hits Ijyb.
Ijyb is lightly wounded.
Charly's ghost hits you.
Ijyb zaps a wand.
The bolt of fire misses you. Charly's ghost closely misses you.
Ijyb zaps a wand.
The bolt of fire misses you. Charly's ghost completely misses you.
Ijyb zaps a wand.
The bolt of fire hits you!
Ouch! That really hurt!
You die...

##########
..........## ###
...........####....
..........W......#
.........g@.....#
........<......##
...............#
..............#
.............##
.............#
.......(...##
.........#.
....####..


You could see Ijyb and Charly's ghost.

Vanquished Creatures
  An ogre (D:4)
  A phantom (D:4)
  Jessica (D:2)
  6 adders
  4 gnolls
  2 worms
  2 oozes
  7 orcs
  5 giant cockroaches
  9 hobgoblins
  7 kobolds
  2 quokkas
  A ball python (D:2)
  12 bats
  2 giant gecko skeletons (D:4)
  A giant newt (D:2)
  9 goblins
  10 rats
82 creatures vanquished.

Vanquished Creatures (others)
  A quasit (D:5)
  A hound skeleton (D:5)
2 creatures vanquished.

Grand Total: 84 creatures vanquished

Notes
Turn   | Place    | Note
--------------------------------------------------------------
     0 | D:1      | SlimeFever, the Human Conjurer, began the quest for the Orb.
     0 | D:1      | Reached XP level 1. HP: 13/13 MP: 3/3
   396 | D:1      | Reached XP level 2. HP: 19/19 MP: 1/4
   400 | D:1      | Learned a level 2 spell: Searing Ray
   700 | D:1      | Reached XP level 3. HP: 24/24 MP: 1/6
  1050 | D:2      | Noticed Jessica
  1059 | D:2      | Killed Jessica
  1059 | D:2      | Reached skill level 1 in Maces & Flails
  1059 | D:2      | Reached XP level 4. HP: 30/30 MP: 2/7
  1069 | D:2      | Learned a level 4 spell: Iskenderun's Mystic Blast
  1135 | D:2      | Reached skill level 5 in Conjurations
  2305 | D:3      | Reached XP level 5. HP: 36/36 MP: 7/9
  2948 | D:3      | You fall through a shaft!
  3206 | D:4      | Noticed an ogre
  3217 | D:4      | Killed an ogre
  3217 | D:4      | Reached XP level 6. HP: 42/42 MP: 11/11
  3373 | D:4      | Noticed a phantom
  3387 | D:4      | Killed a phantom
  3387 | D:4      | Reached skill level 1 in Fighting
  3434 | D:4      | Found a radiant altar of Vehumet.
  3443 | D:4      | Became a worshipper of Vehumet
  3455 | D:4      | Learned a level 3 spell: Dazzling Spray
  3756 | D:4      | Reached XP level 7. HP: 39/48 MP: 9/13
  3768 | D:4      | Reached skill level 6 in Conjurations
  3933 | D:5      | Entered Level 5 of the Dungeon
  3933 | D:5      | Noticed Ijyb
  3933 | D:5      | Noticed Charly's ghost (average OpAs)
  3945 | D:5      | Killed from afar by Ijyb

Action                   |  1- 3 |  4- 6 |  7- 9 || total
-------------------------+-------+-------+-------++-------
Melee: Mace              |    34 |    99 |     6 ||   139
Throw: Stone             |       |     1 |       ||     1
 Cast: Magic Dart        |    21 |    77 |     5 ||   103
       Searing Ray       |     1 |     2 |       ||     3
       Iskenderun's Myst |       |     2 |     2 ||     4
  Use: Scroll            |     4 |     7 |     2 ||    13
       Potion            |       |     2 |     1 ||     3
 Stab: Sleeping          |       |     4 |       ||     4
  Eat: Bread ration      |       |     1 |       ||     1
       Royal jelly       |       |     1 |       ||     1
       Fruit             |       |     1 |       ||     1
       Chunk             |       |     1 |       ||     1
       Meat ration       |       |     1 |       ||     1
